Unix NetHack Version 5.0.0-0 post-release - last build May 31 2026 23:59:36 (970b52f25bf058293b47ddfd14a1e40e571c508c,branch:main).

Game began 2026-06-09 15:51:16, ended 2026-06-09 15:59:40.

LDaviesPeters, neutral female human Archeologist

                                              --------
                                              |d...e.|
                                              +@c...f%#####
                                              |.Z:.x[---- ##
                                              ----...d..|  #
                                                 |....b.|  ##
                                                 |..r...|   #
                                                 ------.-   #-+---
                                                            #|...|
                                                            #...<|
                                                          ###|...|
                                                             -----

LDaviesPeters the Field Worker  St:12 Dx:11 Co:13 In:15 Wi:14 Ch:14  Neutral
Dlvl:3  $:0  HP:0(28) Pw:7(7) AC:8  Xp:3 T:748  Stone

Latest messages:
 There are several objects here.
 $ - 8 gold pieces.
 v - an iridium wand.
 What do you want to use or apply? [abfgloprv or ?*] b
 You put 8 gold pieces into the sack.
 Pick a monster, object or location.
 F        a fungus or mold (red mold)
 What do you want to throw? [q or ?*] ?
 What do you want to throw? [q or ?*] <space>
 Never mind.
 You see here a statue of a grid bug.
 You see here a statue of a cockatrice.
 The statue comes to life!
 What do you want to zap? [ov or ?*] ?
 In what direction? 6
 The magic missile hits the cockatrice!
 The magic missile hits the red mold!
 The cockatrice bites!
 The cockatrice touches you!
 You hear the cockatrice's hissing!
 What do you want to zap? [ov or ?*] o
 In what direction? 6
 The magic missile hits the cockatrice.
 You kill the red mold!
 Are you waiting to get hit?  Use 'm' prefix to force a no-op (to rest).
 Pick a monster, object or location.
 f        a cat or other feline (tame kitten)
 Are you waiting to get hit?  Use 'm' prefix to force a no-op (to rest).
 The cockatrice bites!
 The cockatrice touches you!
 You hear the cockatrice's hissing!
 What do you want to zap? [ov or ?*] ?
 In what direction? 6
 The magic missile misses the cockatrice.
 The cockatrice bites!
 The cockatrice touches you!
 You lash the cockatrice.
 The cockatrice bites!
 The cockatrice touches you!
 You hear the cockatrice's hissing!
 You are slowing down.
 You lash the cockatrice.
 Your limbs are stiffening.
 You miss the cockatrice.
 Your limbs have turned to stone.
 You have turned to stone.
 The cockatrice bites!
 The cockatrice touches you!
 You are a statue.
 Do you want your possessions identified? [ynq] (y) q

Inventory:
 Weapons  (')')
  q - a +0 orcish dagger
  a - a +2 bullwhip (weapon in right hand)
 Armor    ('[')
  c - a blessed +0 fedora (being worn)
  k - an uncursed +0 cloak of magic resistance (being worn)
  h - an uncursed +0 leather jacket (being worn)
 Comestibles  ('%')
  d - 3 uncursed food rations
  t - an uncursed tin of stir fried newt meat
 Rings    ('=')
  m - an uncursed ring of warning (on left hand)
 Wands    ('/')
  v - a wand of create monster (0:10)
  o - a wand of magic missile (0:0)
 Tools    ('(')
  b - an uncursed sack containing 2 items
  l - an uncursed oil lamp
  p - a +0 pick-axe (alternate weapon; not wielded)
  r - an uncursed tallow candle
  f - a tinning kit (0:34)
 Gems/Stones  ('*')
  g - an uncursed touchstone

Contents of the sack:
  32 gold pieces
  a cursed scroll of magic mapping

LDaviesPeters the Archeologist's attributes:

Background:
 You were a Field Worker, a level 3 female human Archeologist.
 You were neutral, on a mission for Camaxtli
 who was opposed by Quetzalcoatl (lawful) and Huhetotl (chaotic).
 You were right-handed.
 You were in the Dungeons of Doom, on level 3.
 You entered the dungeon 748 turns ago.
 You had 65 experience points, 15 more were needed to attain level 4.

Basics:
 You had 0 out of 28 hit points.
 You had all 7 energy points (spell power).
 Your armor class was 8.
 Your wallet was empty, but
 you had 32 zorkmids stashed away in your pack.
 Autopickup was off.

Final Characteristics:
 Your strength was 12 (limit:18/100).
 Your dexterity was 11 (limit:18).
 Your constitution was 13 (limit:18).
 Your intelligence was 15 (limit:18).
 Your wisdom was 14 (limit:18).
 Your charisma was 14 (limit:18).

Final Status:
 You turned into stone.
 You weren't hungry.
 You were unencumbered.
 You were wielding a whip.
 You had basic skill with whip.

Final Attributes:
 You were fervently aligned.
 You were magic-protected.
 You were warned.
 You had automatic searching.
 You were warded.
 You were lucky.
 You are dead.

Miscellaneous:
 You didn't encounter any bones levels.
 Total elapsed playing time was 8 minutes and 23 seconds.

Major events:
 Turn
    1: LDaviesPeters the neutral female human Archeologist entered the dungeon
  729: attained the rank of Field Worker (level 3)
  748: petrified by a cockatrice

Spells:
 Name                 Level Category     Fail Retention
 confuse monster        1   enchantment    3%  76%-100%

Skills:
 Fighting Skills
   bare handed combat [Unskilled]
   two weapon combat  [Unskilled]
   riding             [Unskilled]
 Weapon Skills
   dagger             [Unskilled]
   knife              [Unskilled]
   pick-axe           [Basic]
   short sword        [Unskilled]
   saber              [Unskilled]
   club               [Unskilled]
   quarterstaff       [Unskilled]
   sling              [Unskilled]
   dart               [Unskilled]
   boomerang          [Unskilled]
   whip               [Basic]
   unicorn horn       [Unskilled]
 Spellcasting Skills
   attack spells      [Unskilled]
   healing spells     [Unskilled]
   divination spells  [Unskilled]
   matter spells      [Unskilled]

Voluntary challenges:
 Character rerolling was not enabled.
 You were an atheist.
 You never genocided any monsters.
 You never polymorphed an object.
 You never changed form.
 You used no wishes.
Achievement:
 You attained the rank of Field Worker.

 The Dungeons of Doom: levels 1 to 3
    Level 1:
       Some fountains.
    Level 2:
       A grave.
    Level 3: <- You were here.
       A fountain.
       Final resting place for
          you, petrified by a cockatrice.


Vanquished creatures:
  a dwarf ruler
  a giant rat
  a yellow mold
  a red mold
  3 jackals
  2 goblins
  a sewer rat
  a grid bug
  a lichen
  2 newts
14 creatures vanquished.

No species were genocided or became extinct.

Game over:
                       ----------
                      /          \
                     /    REST    \
                    /      IN      \
                   /     PEACE      \
                  /                  \
                  |  LDaviesPeters   |
                  |      32 Au       |
                  |  petrified by a  |
                  |    cockatrice    |
                  |                  |
                  |                  |
                  |       2026       |
                 *|     *  *  *      | *
        _________)/\\_//(\/(/\)/\//\/|_)_______

Goodbye LDaviesPeters the Archeologist...

You turned to stone in The Dungeons of Doom on dungeon level 3 with 399 points,
and 32 pieces of gold, after 748 moves.
You were level 3 with a maximum of 28 hit points when you turned to stone.

